Map: Catalesque CE

Players

Bhuta

  • Race: Zerg Zerg
  • Spawn Location: 5:00

kharex

  • Race: Zerg Zerg
  • Spawn Location: 5:00

Ekelpack

  • Race: Zerg Zerg
  • Spawn Location: 11:00

Nyck

  • Race: Terran Terran
  • Spawn Location: 11:00

VOD

Have the link to the VOD?

Description

Time

  • Played on: Nov. 19, 2024, 1:19 p.m.
  • Length: 20:26
Show
View Real Time Build Order
Export as new Build Order

Bhuta Zerg 

Build Orders: Hatch First, Lurkers 

Get SALT Encoding   

  12  0:10  Drone  
  12  0:13  Overlord  
  13  0:18  Drone  
  14  0:32  Drone x2  
  16  0:43  Drone  
  17  0:54  Hatchery  
  17  0:56  Drone  
  17  1:01  Extractor  
  17  1:04  Drone  
  17  1:18  Spawning Pool  
  17  1:20  Drone  
  18  1:25  Drone  
  18  1:37  Drone  
  19  1:50  Overlord  
  19  1:58  Drone  
  20  2:06  Metabolic Boost  
  20  2:08  Queen  
  20  2:10  Queen  
  20  2:12  Drone x2  
  26  2:18  Drone  
  26  2:21  Drone  
  28  2:30  Drone  
  28  2:31  Drone  
  30  2:39  Zergling x2  
  30  2:43  Zergling x2  
  32  2:57  Zergling x4  
  34  2:59  Queen  
  34  3:00  Overlord  
  36  3:16  Overlord x2  
  36  3:26  Drone  
  38  3:27  Drone x4  
  38  3:30  Lair  
  41  3:34  Extractor  
  41  3:35  Queen  
  42  3:52  Zergling x8  
  46  3:55  Baneling Nest  
  46  4:02  Drone  
  46  4:09  Hatchery, Extractor  
  44  4:13  Drone  
  45  4:24  Pneumatized Carapace  
  45  4:36  Zergling x2  
  45  4:37  Zergling x10  
  45  4:38  Zergling x10  
  56  4:50  Baneling  
  56  4:51  Baneling x5  
  56  4:52  Baneling  
  56  4:59  Centrifugal Hooks  
  56  5:02  Hydralisk Den  
  56  5:03  Evolution Chamber  
  56  5:04  Drone  
  56  5:06  Spore Crawler  
  54  5:07  Spore Crawler  
  54  5:08  Drone, Evolution Chamber  
  53  5:14  Drone x2  
  53  5:20  Spore Crawler  
  54  5:38  Queen  
  54  5:40  Drone x4  
  54  5:41  Spore Crawler  
  59  6:13  Spore Crawler  
  59  6:14  Grooved Spines  
  59  6:16  Spore Crawler, Zerg Ground Armor Level 1  
  59  6:17  Zerg Missile Weapons Level 1  
  57  6:32  Drone  
  58  6:39  Extractor  
  57  6:41  Drone  
  57  6:44  Overlord  
  57  6:45  Overlord x2  
  58  6:48  Spore Crawler  
  57  7:05  Muscular Augments  
  57  7:06  Drone  
  57  7:07  Drone x2  
  60  7:09  Spore Crawler  
  60  7:11  Hydralisk x3  
  60  7:12  Hydralisk x2  
  69  7:19  Drone x3  
  72  7:28  Drone x2, Infestation Pit  
  73  7:32  Drone  
  74  7:46  Drone x2  
  74  7:47  Drone x4  
  80  8:00  Spore Crawler, Hydralisk  
  81  8:36  Overlord x4, Extractor x2  
  81  8:37  Overlord x3  
  79  8:41  Zerg Missile Weapons Level 2  
  79  8:42  Zerg Ground Armor Level 2  
  79  8:50  Overlord  
  79  8:51  Overlord x2  
  61  9:25  Drone  
  61  9:26  Drone x18  
  80  9:47  Drone x5  
  80  9:52  Spine Crawler  
  84  9:53  Spine Crawler  
  83  10:06  Hydralisk x4  
  83  10:07  Hydralisk x2  
  95  10:15  Lurker Den  
  95  10:19  Hive  
  94  10:22  Drone x3  
  94  10:23  Drone x2  
  99  10:37  Drone x3  
  99  10:39  Overlord x3  
  102  10:46  Spore Crawler  
  101  10:51  Hydralisk x4  
  109  11:09  Hydralisk  
  109  11:10  Hydralisk x5  
  109  11:11  Hydralisk  
  83  11:37  Hydralisk x2  
  83  11:38  Hydralisk x5  
  83  11:39  Hydralisk x3  
  103  11:40  Queen  
  103  11:42  Lurker  
  103  11:46  Lurker x3  
  109  11:47  Lurker x2  
  109  11:53  Spore Crawler x2  
  109  11:58  Seismic Spines  
  109  12:01  Zerg Missile Weapons Level 3  
  109  12:06  Zerg Ground Armor Level 3  
  109  12:25  Zergling x12  
  109  12:26  Zergling x6  
  118  12:37  Hydralisk x3  
  118  12:38  Hydralisk  
  118  12:39  Hatchery  
  124  13:05  Hydralisk x2  
  124  13:06  Hydralisk x5  
  124  13:07  Hydralisk x4  
  89  14:02  Hydralisk x5  
  76  14:03  Hydralisk x5  
  76  14:04  Hydralisk x5  
  99  14:21  Drone x3  
  99  14:22  Hatchery  
  99  14:23  Queen  
  103  14:45  Overseer x6  
  73  15:35  Hydralisk  
  73  15:36  Hydralisk x6  
  73  15:37  Hydralisk x6  
  81  16:12  Spire  
  80  16:20  Lurker x3  
  80  16:21  Lurker x2  
  80  16:24  Zergling x4  
  80  16:25  Zergling x14  
  94  16:34  Neural Parasite  
  94  16:46  Hydralisk x3  
  94  16:47  Hydralisk x3  
  106  17:02  Hydralisk x2  
  106  17:03  Hydralisk x2  
  108  17:20  Zergling x2  
  108  17:21  Zergling x16  
  114  17:34  Zergling x6  
  117  17:49  Baneling x5  
  117  17:50  Baneling  
  117  17:51  Baneling  
  117  17:52  Baneling x2  
  117  18:30  Hydralisk x3  
  117  18:31  Hydralisk x6  
  111  19:28  Hydralisk x3  
  117  19:40  Hydralisk x4  
  117  19:41  Hydralisk x4  
Show
View Real Time Build Order
Export as new Build Order

kharex Zerg 

Build Orders: Hatch First, Lurkers, Roach Hydra 

Get SALT Encoding   

  12  0:00  Drone  
  13  0:13  Overlord  
  13  0:22  Drone  
  14  0:31  Drone x2  
  14  0:35  Drone  
  17  0:54  Hatchery  
  16  0:59  Drone x2  
  18  1:13  Extractor  
  18  1:15  Spawning Pool  
  18  1:16  Drone  
  17  1:19  Drone  
  18  1:29  Drone  
  19  1:39  Overlord  
  19  1:54  Drone  
  20  2:02  Queen  
  20  2:05  Queen  
  24  2:09  Drone x2  
  24  2:11  Drone  
  27  2:17  Drone  
  27  2:22  Drone  
  29  2:24  Roach Warren  
  29  2:27  Overlord  
  28  2:32  Drone  
  29  2:41  Drone, Queen  
  32  2:46  Drone  
  32  2:49  Overlord  
  33  2:54  Extractor  
  33  2:56  Drone  
  33  3:00  Drone  
  34  3:08  Drone  
  35  3:16  Drone x3  
  35  3:17  Drone  
  35  3:18  Drone x3  
  42  3:25  Roach  
  44  3:37  Overlord  
  44  3:40  Hatchery  
  43  3:44  Lair  
  43  3:47  Drone x3  
  46  3:49  Overlord  
  46  3:50  Overlord  
  46  3:53  Roach  
  46  3:54  Roach  
  50  4:04  Roach x3  
  50  4:05  Roach  
  58  4:18  Roach x4  
  58  4:19  Roach x2  
  58  4:23  Drone x3  
  73  4:34  Spore Crawler  
  72  4:40  Spore Crawler, Drone  
  72  4:41  Drone  
  72  4:43  Glial Reconstitution  
  73  4:51  Queen  
  75  5:01  Extractor  
  75  5:03  Hydralisk Den  
  75  5:04  Drone  
  75  5:05  Drone x3  
  75  5:06  Drone x3, Evolution Chamber x2  
  78  5:14  Extractor  
  78  5:15  Spore Crawler  
  78  5:16  Spore Crawler x2  
  78  5:18  Spore Crawler  
  73  5:21  Spore Crawler x2  
  73  5:23  Spore Crawler  
  70  5:39  Spore Crawler  
  70  5:48  Spore Crawler  
  70  5:49  Overlord  
  69  5:50  Spore Crawler x2, Overlord x3  
  69  5:51  Spore Crawler  
  66  6:06  Zerg Ground Armor Level 1, Zerg Missile Weapons Level 1  
  66  6:07  Muscular Augments  
  66  6:09  Drone  
  67  6:11  Drone  
  67  6:14  Drone x2  
  67  6:18  Drone  
  71  6:35  Drone x4  
  71  6:36  Drone x3  
  78  6:41  Hydralisk x2  
  78  6:45  Overseer  
  80  6:56  Hydralisk  
  80  6:57  Hydralisk x3  
  86  7:11  Grooved Spines  
  86  7:16  Drone  
  86  7:17  Drone x9  
  86  7:18  Infestation Pit  
  95  7:36  Hydralisk  
  97  7:39  Overlord x6  
  97  8:18  Hydralisk x3  
  97  8:19  Hydralisk x7  
  111  8:20  Hydralisk x6  
  129  8:27  Extractor x2  
  127  8:37  Hive  
  127  8:39  Hatchery  
  127  8:40  Drone  
  127  8:41  Drone x3  
  122  9:35  Hydralisk x5  
  122  9:36  Hydralisk x7  
  146  9:41  Zerg Missile Weapons Level 2  
  90  10:17  Hydralisk x3  
  90  10:18  Hydralisk x7  
  104  10:32  Drone  
  104  10:33  Drone x3  
  108  10:40  Overseer x3  
  108  10:55  Zerg Ground Armor Level 2  
  108  10:59  Neural Parasite  
  108  11:03  Drone  
  109  11:04  Drone x14  
  109  11:06  Queen  
  125  11:13  Lurker Den  
  125  11:15  Overlord  
  125  11:16  Overlord x3  
  124  11:45  Spore Crawler  
  123  11:47  Spore Crawler  
  123  11:48  Spore Crawler  
  123  11:49  Spore Crawler  
  123  11:51  Extractor x2  
  123  11:54  Spine Crawler  
  117  11:55  Spine Crawler x2  
  117  11:57  Drone  
  117  11:58  Drone x3  
  117  11:59  Drone x3  
  117  12:00  Drone x5  
  127  12:01  Spine Crawler  
  127  12:02  Spine Crawler x2  
  124  12:11  Adaptive Talons  
  124  12:12  Lurker x2  
  124  12:13  Lurker x4  
  130  12:18  Viper  
  130  12:21  Viper  
  136  12:37  Hydralisk x2  
  136  12:38  Hydralisk x5  
  150  12:44  Drone x4  
  150  12:45  Drone  
  155  13:08  Seismic Spines  
  155  13:23  Pneumatized Carapace  
  155  13:24  Burrow  
  138  14:26  Hydralisk x2  
  138  14:27  Hydralisk x8  
  138  14:28  Hydralisk x7  
  138  14:29  Hydralisk x2  
  176  14:31  Overlord x2  
  176  14:32  Overlord x7  
  129  15:37  Hatchery  
  129  15:39  Hatchery  
  127  15:51  Hatchery  
  127  15:52  Viper x2  
  127  15:53  Viper  
  127  15:57  Lurker x9  
  136  16:00  Hydralisk x9  
  162  16:11  Zerg Missile Weapons Level 3  
  162  16:12  Zerg Ground Armor Level 3  
  162  16:14  Spore Crawler  
  162  16:15  Spore Crawler  
  162  16:17  Spore Crawler  
  159  16:30  Hydralisk x7  
  159  16:31  Hydralisk x3  
  177  16:54  Hydralisk  
  177  16:55  Hydralisk x9  
  197  17:24  Spore Crawler  
  197  17:27  Spore Crawler x2  
  197  17:29  Spore Crawler, Extractor  
  192  17:30  Extractor  
  192  17:31  Spine Crawler  
  192  17:32  Spine Crawler  
  192  17:33  Spine Crawler  
  188  17:38  Drone x3  
  188  17:39  Drone x3  
  188  17:40  Drone  
  188  17:41  Drone x5  
  138  18:27  Hydralisk  
  138  18:28  Hydralisk x16  
  164  19:47  Hydralisk x4  
  164  19:48  Hydralisk x11  
Show
View Real Time Build Order
Export as new Build Order

Ekelpack Zerg 

Build Orders: Hatch First 

Get SALT Encoding   

  12  0:00  Drone  
  13  0:13  Overlord  
  13  0:17  Drone  
  14  0:32  Drone  
  15  0:47  Hatchery  
  15  0:49  Drone  
  15  0:55  Extractor  
  15  0:56  Drone  
  15  1:00  Drone  
  15  1:03  Drone  
  17  1:21  Spawning Pool  
  17  1:22  Drone  
  17  1:26  Drone  
  18  1:34  Drone  
  19  1:47  Drone  
  20  1:58  Drone  
  21  2:05  Drone  
  21  2:06  Drone  
  23  2:09  Lair  
  23  2:11  Queen  
  25  2:17  Overlord  
  25  2:19  Drone  
  26  2:25  Drone, Extractor  
  26  2:27  Drone  
  27  2:32  Drone  
  28  2:39  Drone  
  28  2:42  Drone  
  30  2:48  Drone  
  31  2:52  Queen  
  31  2:53  Drone  
  31  2:57  Extractor  
  33  3:00  Drone  
  34  3:06  Drone  
  34  3:09  Extractor  
  34  3:11  Queen  
  34  3:12  Spire  
  35  3:14  Overlord  
  35  3:17  Drone  
  36  3:25  Overlord  
  36  3:44  Drone  
  36  3:45  Drone x4  
  41  3:56  Drone  
  41  3:59  Drone  
  43  4:07  Drone  
  44  4:12  Overlord x3  
  44  4:32  Mutalisk x3  
  44  4:33  Mutalisk x4  
  58  4:42  Drone x3  
  58  4:44  Overlord  
  58  4:45  Zerg Flyer Weapons Level 1  
  61  5:03  Hatchery  
  60  5:07  Mutalisk x3  
  66  5:20  Metabolic Boost  
  66  5:25  Evolution Chamber  
  66  5:27  Evolution Chamber  
  64  5:43  Mutalisk x3  
  64  5:44  Mutalisk x3  
  64  5:46  Overlord  
  64  5:48  Overlord  
  76  5:51  Zerg Melee Weapons Level 1  
  74  6:12  Mutalisk x2  
  74  6:14  Zergling x12  
  84  6:28  Zergling x8  
  84  6:29  Zergling x4, Overlord  
  90  6:34  Zerg Ground Armor Level 1  
  90  6:38  Infestation Pit  
  89  6:40  Drone  
  90  6:56  Overlord  
  88  7:13  Zergling x10, Overlord  
  93  7:18  Drone x5  
  93  7:19  Drone x4  
  93  7:21  Queen  
  104  7:28  Hive  
  104  7:45  Mutalisk  
  104  7:46  Mutalisk x4  
  114  7:54  Pneumatized Carapace  
  114  8:04  Drone x5  
  114  8:05  Drone x3, Overlord  
  122  8:08  Extractor  
  122  8:10  Extractor  
  118  8:17  Overlord  
  118  8:36  Drone x6  
  124  8:44  Zerg Melee Weapons Level 2  
  124  8:45  Zerg Ground Armor Level 2  
  124  8:48  Drone  
  124  8:49  Ultralisk Cavern  
  124  9:00  Zergling x8, Overlord x3  
  128  9:31  Adrenal Glands  
  128  9:35  Chitinous Plating  
  128  9:36  Overlord x2  
  128  9:37  Overlord x2  
  120  9:49  Ultralisk  
  120  9:50  Ultralisk x3  
  143  9:57  Zergling x2  
  143  9:58  Zergling x14  
  143  9:59  Zergling x2  
  132  10:19  Zergling x10  
  132  10:20  Zergling x4  
  139  10:35  Zergling x8  
  142  10:36  Zergling x8  
  147  10:43  Overlord x2  
  147  10:46  Hatchery  
  146  10:54  Anabolic Synthesis  
  146  10:55  Hatchery  
  145  11:16  Zergling x6  
  113  11:38  Ultralisk x4  
  113  11:39  Ultralisk x4  
  161  11:40  Zergling x8  
  165  11:47  Extractor  
  164  12:00  Drone x6  
  164  12:01  Drone  
  171  12:16  Drone x2  
  171  12:17  Drone x7  
  171  12:18  Drone  
  181  12:23  Drone, Extractor  
  181  12:24  Ultralisk x2  
  181  12:25  Extractor  
  192  12:41  Zergling x2  
  192  12:42  Zergling x12  
  199  12:44  Zerg Melee Weapons Level 3  
  199  12:46  Zerg Ground Armor Level 3  
  198  13:11  Greater Spire  
  197  13:28  Zergling x6  
  200  13:47  Ultralisk x5  
  199  13:49  Zergling x2  
  199  13:50  Zergling x2  
  199  13:51  Zergling x2  
  199  13:54  Zergling x2  
  199  13:55  Zergling x12  
  194  13:56  Zergling x8  
  175  14:08  Zergling x2  
  175  14:09  Zergling x12  
  153  14:10  Zergling x10  
  153  14:12  Overseer  
  153  14:13  Overseer x2  
  149  14:29  Zergling x2  
  149  14:30  Zergling x14  
  157  14:35  Extractor  
  156  14:39  Drone  
  157  14:51  Corruptor x5  
  157  14:52  Corruptor x3  
  171  14:54  Zergling x4  
  171  14:55  Zergling x6  
  112  15:36  Zerg Flyer Weapons Level 2  
  112  15:38  Zergling x14  
  112  15:39  Zergling x12  
  113  16:10  Drone  
  113  16:11  Drone  
  113  16:15  Brood Lord x5  
  113  16:16  Brood Lord x3  
  113  16:18  Zergling x14  
  134  16:19  Zergling x12  
  134  16:20  Zergling x6  
  145  16:26  Hatchery  
  145  16:27  Zergling x2  
  144  17:21  Drone x2  
  144  17:22  Drone  
  147  17:35  Hatchery  
  146  17:37  Zergling x4  
  146  17:38  Zergling x12  
  146  17:39  Zergling x12  
  146  17:40  Zergling x12  
  166  17:45  Drone  
  166  17:47  Zergling x6, Ultralisk  
  166  17:48  Ultralisk x2  
  188  17:51  Overlord  
  188  17:52  Overlord x2  
  87  18:32  Zergling x6  
  87  18:33  Zergling x12  
  87  18:34  Zergling x8  
  98  18:37  Extractor  
  98  18:39  Extractor  
  98  18:50  Zergling x8  
  98  18:51  Zergling x14  
  101  19:26  Zergling x10  
  101  19:27  Zergling x12  
  101  19:28  Zergling x10  
Show
View Real Time Build Order
Export as new Build Order

Nyck Terran 

Build Orders: Hellion Opening 

Get SALT Encoding   

  12  0:00  SCV  
  13  0:13  SCV  
  14  0:18  Supply Depot  
  14  0:26  SCV  
  15  0:39  SCV  
  16  0:43  Barracks  
  16  0:46  Refinery  
  16  0:52  SCV  
  17  1:08  SCV  
  18  1:23  Refinery  
  18  1:25  SCV  
  19  1:27  Supply Depot  
  19  1:33  Barracks Reactor  
  19  1:37  SCV  
  20  1:49  Orbital Command  
  20  1:58  Factory  
  20  2:13  Reaper  
  21  2:18  Reaper  
  21  2:19  SCV  
  23  2:31  SCV  
  24  2:38  Command Center  
  24  2:48  Starport  
  24  2:58  SCV  
  25  2:59  Hellion x2  
  25  3:04  Barracks Reactor  
  29  3:10  SCV  
  30  3:19  Supply Depot  
  30  3:23  Hellion x2  
  30  3:25  SCV  
  35  3:31  Starport Reactor  
  35  3:37  Starport  
  35  3:39  SCV  
  36  3:44  Reaper x2  
  36  3:47  Hellion  
  40  3:51  Hellion  
  42  4:18  SCV  
  42  4:19  Orbital Command  
  43  4:27  Starport Tech Lab  
  43  4:28  Supply Depot  
  43  4:31  SCV  
  44  4:43  SCV, Refinery  
  44  4:45  SCV, Refinery  
  46  4:55  SCV  
  46  4:57  SCV  
  48  5:00  Banshee  
  48  5:05  Supply Depot  
  51  5:33  SCV x2  
  53  5:36  Command Center  
  53  5:37  Marine x2  
  53  5:38  Hellion x2  
  59  5:45  SCV x2  
  61  5:58  SCV x2  
  63  6:10  SCV x2  
  65  6:14  Marine x2  
  65  6:18  Liberator, Factory Tech Lab  
  67  6:20  Liberator  
  67  6:24  Cloaking Field  
  73  6:26  Banshee  
  73  6:27  SCV x2  
  78  6:33  Supply Depot  
  78  6:46  Siege Tank  
  81  6:55  Supply Depot  
  81  7:00  SCV x2  
  83  7:05  Liberator  
  83  7:06  Liberator  
  89  7:09  Banshee  
  89  7:12  Supply Depot, SCV x2  
  94  7:18  Supply Depot, Siege Tank  
  94  7:22  Orbital Command  
  97  7:24  SCV x2  
  99  7:35  Refinery x2  
  99  7:36  SCV x2  
  99  7:37  Marine x2  
  101  7:41  Supply Depot  
  103  7:50  Siege Tank, Liberator  
  109  7:51  Banshee  
  112  7:59  SCV  
  112  8:00  SCV x2  
  112  8:03  Supply Depot  
  115  8:12  SCV x3  
  118  8:26  Supply Depot, SCV  
  118  8:27  SCV x2  
  121  8:30  Command Center  
  121  8:31  Siege Tank  
  73  9:24  SCV x2  
  73  9:25  SCV  
  73  9:27  Siege Tank  
  79  9:36  SCV  
  79  9:37  SCV x2  
  82  9:45  Banshee  
  81  9:48  SCV  
  81  9:49  SCV, Liberator  
  66  10:10  Siege Tank  
  69  10:19  SCV x2  
  71  10:28  Banshee  
  71  10:34  Command Center  
  74  10:41  Starport x2  
  74  10:48  Fusion Core  
  74  10:53  Starport  
  74  10:54  SCV x2  
  76  11:08  Command Center  
  76  11:17  Starport Tech Lab x2  
  77  11:25  SCV  
  77  11:26  SCV  
  78  11:33  Supply Depot  
  78  11:34  Starport Tech Lab  
  78  11:36  Supply Depot  
  84  11:40  Battlecruiser x3  
  84  11:42  Starport Tech Lab  
  96  11:52  Starport  
  96  11:56  Orbital Command  
  96  11:59  SCV x2  
  98  12:01  Weapon Refit  
  98  12:05  Battlecruiser x2  
  110  12:09  Supply Depot  
  110  12:21  SCV x2  
  112  12:26  Orbital Command  
  112  12:28  SCV  
  113  12:42  Refinery  
  113  12:43  SCV x3  
  116  12:47  Battlecruiser x2  
  116  12:50  Armory  
  128  12:52  Armory  
  128  13:05  Orbital Command  
  128  13:06  SCV  
  128  13:07  SCV  
  130  13:21  Orbital Command  
  130  13:22  SCV  
  130  13:23  SCV  
  132  13:27  Viking  
  132  13:28  Battlecruiser  
  105  14:03  Battlecruiser x2  
  105  14:08  SCV x2  
  113  14:15  SCV  
  114  14:21  SCV x2  
  116  14:27  SCV  
  117  14:43  Refinery  
  117  14:47  Terran Vehicle And Ship Armor Level 1  
  117  14:49  Terran Ship Weapons Level 1  
  117  14:53  SCV x2  
  99  15:38  Battlecruiser x2  
  111  15:49  SCV  
  112  15:50  SCV  
  113  16:11  Battlecruiser  
  119  16:16  SCV x2  
  121  16:26  Command Center  
  121  16:27  Command Center  
  121  16:50  Terran Vehicle And Ship Armor Level 2  
  121  16:53  Marine  
  122  16:54  Marine  
  123  17:04  Terran Ship Weapons Level 2  
  123  17:11  Marine  
  123  17:12  Marine  
  125  17:27  SCV x2  
  125  17:29  Marine  
  128  17:30  Marine  
  128  17:33  Refinery  
  129  17:39  Orbital Command  
  129  17:42  SCV x2  
  131  17:47  Marine x2  
  133  17:52  Orbital Command  
  133  18:01  Battlecruiser  
  127  18:37  SCV x3  
  127  18:38  SCV  
  127  18:39  Battlecruiser  
  131  18:58  Battlecruiser x2  
  96  19:23  SCV  
  96  19:24  SCV x3  
  95  19:35  SCV  
  95  19:36  SCV x2  
Tags
 
Add a new tag
Caveats
  • Supply blocks, unpowered buildings, or Contaminate may cause inaccurate times.
  • Supply counts are checked every 10 seconds.